 Dungeon Crawl Stone Soup version 0.23-a0-29-g1be82e5 (webtiles) character file.

54 Amnesiac the Gusty (level 3, -1/24 HPs)
             Began as a Mummy Air Elementalist on Aug 3, 2018.
             Slain by a centaur zombie (3 damage)
             ... in an ossuary.
             The game lasted 00:02:34 (790 turns).

Amnesiac the Gusty (Mummy Air Elementalist)          Turns: 790, Time: 00:02:35

Health: -1/24      AC:  2    Str: 11    XL:     3   Next: 66%
Magic:  3/7        EV: 12    Int: 15    God:
Gold:   55         SH:  0    Dex: 12    Spells: 5/8 levels left

rFire    x . .     SeeInvis .   a - +0 hunting sling
rCold    + . .     Gourm    .   (no shield)
rNeg     + + +     Faith    .   d - +0 robe
rPois    ∞         Spirit   .   (no helmet)
rElec    .         Reflect  .   (no cloak)
rCorr    .         Harm     .   (no gloves)
MR       .....                  (no boots)
Stlth    ++........             (no amulet)
HPRegen  0.08/turn              (no ring)
MPRegen  0.10/turn              (no ring)

@: swift, quick
A: no food or potions, fire vulnerability, cold resistance 1, negative energy
resistance 3, torment resistance, unbreathing
a: no special abilities


You were in an ossuary.
You were not hungry.

You visited 1 branch of the dungeon, and saw 4 of its levels.
You also visited: Ossuary.

You collected 55 gold pieces.

Inventory:

Hand Weapons
 a - a +0 hunting sling (weapon)
Missiles
 e - 42 stones (quivered)
Armour
 d - a +0 robe (worn)
Scrolls
 b - a scroll of identify {!r, unknown}
 c - 2 scrolls of blinking {!r, unknown}
 f - a scroll of enchant armour {!r, unknown}
 g - a scroll of teleportation {!r, unknown}
 h - a scroll of amnesia {!r, unknown}


   Skills:
 - Level 1.5 Dodging
 - Level 1.5 Stealth
 + Level 3.4 Spellcasting
 - Level 0.7 Conjurations
 * Level 3.5 Air Magic


You had 5 spell levels left.
You knew the following spells:

 Your Spells              Type           Power        Failure   Level  Hunger
a - Shock                 Conj/Air       #...         8%          1    N/A
z - Swiftness             Chrm/Air       #.......     14%         2    N/A

Your spell library contained the following spells:

 Spells                   Type           Power        Failure   Level  Hunger
 Lightning Bolt           Conj/Air       #.........   91%         5    N/A
 Airstrike                Air            ##........   41%         4    N/A
 Static Discharge         Conj/Air       #.......     24%         3    N/A

Dungeon Overview and Level Annotations

Branches:
Dungeon (4/15)
 Temple: D:4-7

Altars:

Shops:
D:4 }

Annotations:
D:2 exclusion: worm Ossuary 2 exclusions


Innate Abilities, Weirdness & Mutations

You do not eat or drink.
Your flesh is vulnerable to fire.
You are immune to poison.
Your flesh is cold resistant. (rC+)
You are immune to negative energy. (rN+++)
You are immune to unholy pain and torment.
You can survive without breathing.


Message History

You destroy the hobgoblin zombie!
No target in view!
No target in view!
No target in view!
e - 33 stones (gained 4)
e - 34 stones (gained 1)
e - 35 stones (gained 1)
e - 37 stones (gained 2)
e - 38 stones (gained 1)
e - 39 stones (gained 1)
e - 40 stones (gained 1)
e - 41 stones (gained 1)
e - 42 stones (gained 1)
What are your orders? t - Shout!
Orders for allies: a - Attack new target. r - Retreat! s - Stop attacking. g - Guard the area. f - Follow me.
Anything else - Cancel.
You shout for attention!
What are your orders? t - Shout!
Orders for allies: a - Attack new target. r - Retreat! s - Stop attacking. g - Guard the area. f - Follow me.
Anything else - Cancel.
You shout for attention!
A centaur zombie comes into view.
You hear a blaring wail to the north.
A centaur zombie comes into view.
You hear a distant blaring wail to the northeast.
Casting: Shock (safe; 8% risk of failure)
Confirm with . or Enter, or press ? or * to list all spells.
Aiming: Shock (safe; 8% risk of failure)
Press: ? - help, Shift-Dir - straight line, f - centaur zombie
Aim: a centaur zombie The zap hits the centaur zombie.
The centaur zombie is lightly damaged.
The zap hits the centaur zombie.
The centaur zombie is lightly damaged.
The centaur zombie hits you but does no damage.
An adder zombie comes into view.
Unknown command.
The centaur zombie hits you.
Casting: Shock (safe; 8% risk of failure)
Confirm with . or Enter, or press ? or * to list all spells.
Aiming: Shock (safe; 8% risk of failure)
Press: ? - help, Shift-Dir - straight line, f/p - centaur zombie
Aim: a centaur zombie (lightly damaged)
The zap hits the centaur zombie.
The centaur zombie is moderately damaged.
The zap hits the centaur zombie.
The centaur zombie is lightly damaged.
The centaur zombie hits you.
* * * LOW HITPOINT WARNING * * *
Unknown command.
The centaur zombie misses you.
Casting: Shock (safe; 8% risk of failure)
Confirm with . or Enter, or press ? or * to list all spells.
You feel quick. The centaur zombie barely misses you.
The centaur zombie hits you!
* * * LOW HITPOINT WARNING * * *
The centaur zombie hits you.
You die...

..# #...# ..# #...#
..# #...# ..# #...#
..# ....# #...# ..#
....## #...# ..#
Z... #...# ..# #..#
#...# ..# #.Z# #@..#
..# #..# #ZZ.#
..######..######...#
..........Z........#
.......8..8.......(#
...................#
...................#
####################


You could see 2 centaur zombies.

Vanquished Creatures
  A worker ant (D:4)
  An adder (D:2)
  A leopard gecko (D:3)
  2 giant cockroaches
  2 goblins
  A frilled lizard (D:4)
  6 hobgoblin zombies (Ossuary)
  6 kobold zombies (Ossuary)
  8 orc zombies (Ossuary)
28 creatures vanquished.

Notes
Turn   | Place    | Note
-------+----------+-------------------------------------------
     0 | D:1      | Amnesiac the Mummy Air Elementalist began the quest for the Orb.
     0 | D:1      | Reached XP level 1. HP: 13/13 MP: 4/4
   278 | D:2      | Reached XP level 2. HP: 11/19 MP: 0/5
   284 | D:2      | Learned a level 2 spell: Swiftness
   478 | D:4      | Found Umnoxutu's Gadget Shop.
   501 | D:4      | Reached XP level 3. HP: 4/24 MP: 0/7
   565 | D:4      | Found a sand-covered staircase.
   572 | Ossuary  | Entered an ossuary
   790 | Ossuary  | Slain by a centaur zombie

Vault maps used:
D:1:      zelgadis_glass_arrival_large, skrybe_limestone_x,
          grunt_decor_one_mirror
D:2:      lemuel_doored_altar
D:3:      gup_sewer_entry_spiral, okawaru_trees_2
D:4:      minmay_diamond_boxcup, first_ration, chequers_ossuary_entry_cave,
          serial_shops, shop, nicolae_alphabet_shops
Ossuary:  ossuary_tomb_1

Skill      XL: |  1  2 |
---------------+-------+-----
Air Magic      | 3 |  3.5
Spellcasting   | 3 |  3.4
Dodging        | |  1.5
Stealth        | |  1.5
Conjurations   | |  0.7

Action                   || total
-------------------------++-------
 Fire: Hunting sling     ||    85
 Cast: Shock             ||    17
       Swiftness         ||     1
Armor: Robe              ||     5
Dodge: Dodged            ||    22

Table legend:
 A = Spawn XP
 B = Non-spawn XP
 C = Spawn XP percentage of total XP
 D = Spawn monster count
 E = Non-spawn monster count
 F = Spawn count percentage of total count
 G = Total turns spent on level
                    A         B        C        D         E        F      G
               +---------+---------+-------+---------+---------+-------+---------
         Total |       0 |      78 |   0.0 |       0 |      28 |   0.0 |   790
               +---------+---------+-------+---------+---------+-------+---------
           D:1 |       0 |       2 |   0.0 |       0 |       1 |   0.0 |   178
           D:2 |       0 |      16 |   0.0 |       0 |       2 |   0.0 |   219
           D:3 |       0 |       5 |   0.0 |       0 |       2 |   0.0 |    19
           D:4 |       0 |      35 |   0.0 |       0 |       3 |   0.0 |   156
       Ossuary |       0 |      20 |   0.0 |       0 |      20 |   0.0 |   218
               +---------+---------+-------+---------+---------+-------+---------
